Bruins vs Senators

Created - November 4 2007 at 13:25

Goals
1 2 3 T
Bruins 2 0 0 2
Senators 0 3 1 4
Shots
1 2 3 T
Bruins 9 4 9 22
Senators 7 14 8 29

Period #1

1. Bruins , Bobby Holik 4 (Jeffrey Hamilton, Shane Hnidy) at 13:27
2. Bruins , Patrice Bergeron 6 (Glen Murray, Rick Nash) at 18:28 (PP)

Penalities :
Mike Cammalleri (OTT) for Holding (Minor) at 1:48, Andrej Meszaros (OTT) for Hooking (Minor) at 4:01, Ruslan Salei (BOS) for Slashing (Minor) at 15:13, Ilya Kovalchuk (OTT) for High sticking (Minor) at 15:53, Anton Volchenkov (OTT) for Elbowing (Minor) at 17:17

Period #2

3. Senators , Mike Cammalleri 8 (Jason Spezza) at 0:14
4. Senators , Jean-Pierre Dumont 4 (Anton Volchenkov) at 3:59
5. Senators , Mike Cammalleri 9 (Jason Spezza, Ilya Kovalchuk) at 16:22

Penalities :
Dan Hamhuis (OTT) for Roughing (Minor) at 4:54, Bobby Holik (BOS) for Interference (Minor) at 7:03, Rostislav Klesla (BOS) for Interference (Minor) at 10:22, Shane Doan (BOS) for Roughing (Minor) at 13:31, Zdeno Chara (BOS) for Hooking (Minor) at 19:07

Period #3

6. Senators , Marc-Andre Bergeron 1 (Alexander Radulov, Chris Kelly) at 13:07 (PP)

Penalities :
Jean-Pierre Dumont (OTT) for Hooking (Minor) at 4:19, Rick Nash (BOS) for Elbowing (Minor) at 11:24, Peter Schaefer (OTT) for Tripping (Minor) at 13:34, Shane Doan (BOS) for Hooking (Minor) at 15:01, Mike Richards (BOS) for Hooking (Minor) at 15:06

Goalie Stats

Tim Thomas (BOS), 25 saves from 29 shots - (0.862), L, 4-2-1, 60:00 minutes
Kari Lehtonen (OTT), 20 saves from 22 shots - (0.909), W, 8-5-0, 60:00 minutes

Players Stats

Bruins
Player Name              G  A  P  +/- PIM S  H  SB FO MP 
-----------------------------------------------------------
Bobby Holik              1  0  1   1  2   2  1  0  23 17 
Garnet Exelby            0  0  0   1  0   1  0  1  0  19 
Georges Laraque          0  0  0   1  0   1  0  0  0  12 
Glen Murray              0  1  1  -2  0   1  1  0  2  18 
Jeffrey Hamilton         0  1  1   1  0   0  2  0  2  12 
Marco Sturm              0  0  0  -2  0   6  0  0  1  17 
Mike Richards            0  0  0   0  2   0  1  0  8  11 
P.J. Axelsson            0  0  0   0  0   0  1  0  0  10 
Patrice Bergeron         1  0  1  -1  0   3  2  0  28 22 
Rick Nash                0  1  1  -1  2   2  1  0  2  18 
Rostislav Klesla         0  0  0  -2  2   1  0  0  0  19 
Ruslan Salei             0  0  0  -1  2   1  3  0  0  22 
Sami Salo                0  0  0  -1  0   1  0  1  0  22 
Scott Walker             0  0  0   0  0   0  1  0  0  5  
Sean Avery               0  0  0  -2  0   2  0  0  25 17 
Shane Doan               0  0  0  -1  4   1  0  0  2  18 
Shane Hnidy              0  1  1   1  0   0  1  0  0  19 
Zdeno Chara              0  0  0  -2  2   0  0  0  0  24 
Senators
Player Name              G  A  P  +/- PIM S  H  SB FO MP 
-----------------------------------------------------------
Alexander Radulov        0  1  1   0  0   3  0  0  0  20 
Andrej Meszaros          0  0  0   2  2   0  1  0  0  13 
Antoine Vermette         0  0  0   1  0   6  2  0  33 25 
Anton Volchenkov         0  1  1   1  2   0  1  0  0  23 
Chris Kelly              0  1  1  -1  0   2  2  2  23 16 
Christoph Schubert       0  0  0   0  0   0  0  0  0  0  
Dan Hamhuis              0  0  0  -1  2   0  0  1  0  13 
Dustin Penner            0  0  0   0  0   3  2  0  3  14 
Ilya Kovalchuk           0  1  1   2  2   1  1  0  1  20 
Jason Spezza             0  2  2   2  0   3  3  2  27 19 
Jay Bouwmeester          0  0  0  -1  0   0  4  2  0  25 
Jean-Pierre Dumont       1  0  1   1  2   2  2  0  4  17 
Marc-Andre Bergeron      1  0  1   2  0   2  1  0  0  26 
Mike Cammalleri          2  0  2   2  2   3  1  0  1  20 
Patrick Eaves            0  0  0  -1  0   1  1  0  0  8  
Peter Schaefer           0  0  0   1  2   3  1  0  1  16 
Petr Prucha              0  0  0  -1  0   0  1  0  0  8  
Tom Preissing            0  0  0   1  0   0  2  1  0  20 

3 Stars

1 - Mike Cammalleri (OTT)
2 - Jason Spezza (OTT)
3 - Marc-Andre Bergeron (OTT)

Power Play

Bruins - 1 on 7 Attempt(s) - 14.29%
Senators - 1 on 8 Attempt(s) - 12.50%

Penalty Kill

Bruins - 7 on 8 Attempt(s) - 87.50% - Score 0 goal in Penalty Kill
Senators - 6 on 7 Attempt(s) - 85.71% - Score 0 goal in Penalty Kill

Game Notes

No Game Note

Finance

Level 1 -- Attendance: 4918 (81.97%) -- Ticket Income $418,030.00
Level 2 -- Attendance: 4212 (80.23%) -- Ticket Income $210,600.00
Level 3 -- Attendance: 2128 (94.58%) -- Ticket Income $74,480.00
Level 4 -- Attendance: 3315 (82.88%) -- Ticket Income $66,300.00
Luxury Box -- Attendance: 848 (84.76%) -- Ticket Income $148,400.00
Game was played at the Corel Centre
Total Attendance: 15421 (83.36%)
Total Ticket Income: $999,339.90
Other Income: $129,730.80
Total Income: $1,129,071.00


Play by Play

Period #1

0:01 of 1st period - Patrice Bergeron wins face-off versus Antoine Vermette in neutral zone.
0:17 of 1st period - Shot by Antoine Vermette.
0:17 of 1st period - Stopped by Tim Thomas without a rebound.
0:18 of 1st period - Jason Spezza wins face-off versus Sean Avery in Bruins zone.
0:21 of 1st period - Shot by Mike Cammalleri.
0:21 of 1st period - Stopped by Tim Thomas without a rebound.
0:22 of 1st period - Sean Avery wins face-off versus Jason Spezza in Bruins zone.
0:22 of 1st period - Sean Avery is hit by Marc-Andre Bergeron.
0:42 of 1st period - Shot by Glen Murray.
0:42 of 1st period - Stopped by Kari Lehtonen with a rebound.
0:44 of 1st period - Shot by Glen Murray.
0:44 of 1st period - Deflect By Marco Sturm.
0:44 of 1st period - Stopped by Kari Lehtonen without a rebound.
0:45 of 1st period - Patrice Bergeron wins face-off versus Antoine Vermette in Senators zone.
1:14 of 1st period - Shot by Alexander Radulov.
1:14 of 1st period - Stopped by Tim Thomas without a rebound.
1:15 of 1st period - Bobby Holik wins face-off versus Jason Spezza in Bruins zone.
1:21 of 1st period - Icing by Jeffrey Hamilton.
1:22 of 1st period - Jason Spezza wins face-off versus Bobby Holik in Bruins zone.
1:34 of 1st period - Bobby Holik is hit by Andrej Meszaros and loses puck.
1:45 of 1st period - Shot by Jason Spezza.
1:45 of 1st period - Shot Misses the Net.
1:48 of 1st period - Minor Penalty to Mike Cammalleri for Holding.
1:49 of 1st period - Chris Kelly wins face-off versus Sean Avery in Bruins zone.
2:28 of 1st period - Shot by Marco Sturm.
2:28 of 1st period - Stopped by Kari Lehtonen without a rebound.
2:29 of 1st period - Patrice Bergeron wins face-off versus Chris Kelly in Senators zone.
2:30 of 1st period - Shot by Sami Salo.
2:30 of 1st period - Shot Misses the Net.
2:32 of 1st period - Shot by Sami Salo.
2:32 of 1st period - Shot Misses the Net.
3:57 of 1st period - Jeffrey Hamilton is hit by Jason Spezza and loses puck.
4:01 of 1st period - Minor Penalty to Andrej Meszaros for Hooking.
4:02 of 1st period - Patrice Bergeron wins face-off versus Chris Kelly in Senators zone.
5:03 of 1st period - Shot by Marco Sturm.
5:03 of 1st period - Stopped by Kari Lehtonen without a rebound.
5:04 of 1st period - Chris Kelly wins face-off versus Sean Avery in Senators zone.
5:17 of 1st period - Shot by Marco Sturm.
5:17 of 1st period - Shot Blocked by Jay Bouwmeester.
5:19 of 1st period - Shot by Sean Avery.
5:19 of 1st period - Shot Blocked by Jay Bouwmeester.
6:06 of 1st period - Shot by Jeffrey Hamilton.
6:06 of 1st period - Shot Misses the Net.
6:20 of 1st period - Shot by Mike Cammalleri.
6:20 of 1st period - Shot Misses the Net.
6:22 of 1st period - Shot by Mike Cammalleri.
6:22 of 1st period - Shot Misses the Net.
6:24 of 1st period - Shot by Mike Cammalleri.
6:24 of 1st period - Shot Misses the Net.
6:26 of 1st period - Shot by Ilya Kovalchuk.
6:26 of 1st period - Stopped by Tim Thomas without a rebound.
6:27 of 1st period - Mike Richards wins face-off versus Antoine Vermette in Bruins zone.
6:27 of 1st period - Mike Richards is hit by Dustin Penner.
6:30 of 1st period - Icing by Scott Walker.
6:31 of 1st period - Mike Richards wins face-off versus Antoine Vermette in Bruins zone.
7:21 of 1st period - Icing by Jason Spezza.
7:22 of 1st period - Jason Spezza wins face-off versus Bobby Holik in Senators zone.
7:24 of 1st period - Icing by Ilya Kovalchuk.
7:25 of 1st period - Jason Spezza wins face-off versus Bobby Holik in Senators zone.
7:36 of 1st period - Shot by Bobby Holik.
7:36 of 1st period - Shot Misses the Net.
7:38 of 1st period - Shot by Georges Laraque.
7:38 of 1st period - Stopped by Kari Lehtonen without a rebound.
7:39 of 1st period - Antoine Vermette wins face-off versus Bobby Holik in Senators zone.
9:03 of 1st period - Off-side.
9:04 of 1st period - Sean Avery wins face-off versus Jean-Pierre Dumont in neutral zone.
9:04 of 1st period - Marco Sturm is hit by Jay Bouwmeester and loses puck.
9:09 of 1st period - Shot by Alexander Radulov.
9:09 of 1st period - Deflect By Jean-Pierre Dumont.
9:09 of 1st period - Stopped by Tim Thomas without a rebound.
9:10 of 1st period - Jean-Pierre Dumont wins face-off versus Patrice Bergeron in Bruins zone.
9:15 of 1st period - Shot by Dustin Penner.
9:15 of 1st period - Shot Misses the Net.
9:33 of 1st period - Shot by Shane Doan.
9:33 of 1st period - Shot Blocked by Dan Hamhuis.
10:24 of 1st period - Marco Sturm is hit by Jason Spezza and loses puck.
12:23 of 1st period - Shot by Patrice Bergeron.
12:23 of 1st period - Stopped by Kari Lehtonen without a rebound.
12:24 of 1st period - Antoine Vermette wins face-off versus Patrice Bergeron in Senators zone.
12:46 of 1st period - Off-side.
12:47 of 1st period - Mike Cammalleri wins face-off versus Sean Avery in neutral zone.
12:58 of 1st period - Shot by Jason Spezza.
12:58 of 1st period - Stopped by Tim Thomas without a rebound.
12:59 of 1st period - Bobby Holik wins face-off versus Chris Kelly in Bruins zone.
12:59 of 1st period - Bobby Holik is hit by Patrick Eaves.
13:04 of 1st period - Garnet Exelby is hit by Petr Prucha and loses puck.
13:27 of 1st period - Shot by Bobby Holik.
13:27 of 1st period - Goal by Bobby Holik - Bruins : 1 - Senators : 0.
13:28 of 1st period - Sean Avery wins face-off versus Jason Spezza in neutral zone.
13:41 of 1st period - Shot by Glen Murray.
13:41 of 1st period - Shot Misses the Net.
13:45 of 1st period - Shot by Sean Avery.
13:45 of 1st period - Shot Misses the Net.
13:47 of 1st period - Shot by Rostislav Klesla.
13:47 of 1st period - Stopped by Kari Lehtonen without a rebound.
13:48 of 1st period - Patrice Bergeron wins face-off versus Antoine Vermette in Senators zone.
13:48 of 1st period - Shane Doan is hit by Peter Schaefer and loses puck.
14:04 of 1st period - Peter Schaefer is hit by Patrice Bergeron and loses puck.
14:09 of 1st period - Shot by Antoine Vermette.
14:09 of 1st period - Shot Misses the Net.
14:13 of 1st period - Shot by Jean-Pierre Dumont.
14:13 of 1st period - Shot Misses the Net.
14:15 of 1st period - Shot by Antoine Vermette.
14:15 of 1st period - Shot Blocked by Sami Salo.
14:19 of 1st period - Shot by Peter Schaefer.
14:19 of 1st period - Shot Misses the Net.
14:21 of 1st period - Shot by Antoine Vermette.
14:21 of 1st period - Stopped by Tim Thomas with a rebound.
14:48 of 1st period - Mike Cammalleri is hit by Ruslan Salei and loses puck.
15:09 of 1st period - Mike Cammalleri is hit by Ruslan Salei and loses puck.
15:13 of 1st period - Minor Penalty to Ruslan Salei for Slashing.
15:14 of 1st period - Glen Murray wins face-off versus Dustin Penner in Bruins zone.
15:23 of 1st period - Zdeno Chara is hit by Jay Bouwmeester and loses puck.
15:53 of 1st period - Minor Penalty to Ilya Kovalchuk for High sticking.
15:54 of 1st period - Mike Richards wins face-off versus Chris Kelly in Bruins zone.
16:02 of 1st period - Icing by Shane Hnidy.
16:03 of 1st period - Jason Spezza wins face-off versus Mike Richards in Bruins zone.
16:51 of 1st period - Patrice Bergeron is hit by Chris Kelly and loses puck.
17:17 of 1st period - Minor Penalty to Anton Volchenkov for Elbowing.
17:18 of 1st period - Peter Schaefer wins face-off versus Sean Avery in Senators zone.
17:39 of 1st period - Shot by Shane Doan.
17:39 of 1st period - Shot Blocked by Jason Spezza.
18:28 of 1st period - Shot by Patrice Bergeron.
18:28 of 1st period - Goal by Patrice Bergeron - Bruins : 2 - Senators : 0.
18:29 of 1st period - Jason Spezza wins face-off versus Jeffrey Hamilton in neutral zone.
19:11 of 1st period - Icing by Andrej Meszaros.
19:12 of 1st period - Ilya Kovalchuk wins face-off versus Sean Avery in Senators zone.
19:31 of 1st period - Icing by Andrej Meszaros.
19:32 of 1st period - Jason Spezza wins face-off versus Mike Richards in Senators zone.
19:32 of 1st period - Jason Spezza is hit by Scott Walker.

Period #2

0:01 of 2nd period - Antoine Vermette wins face-off versus Patrice Bergeron in neutral zone.
0:12 of 2nd period - Shot by Antoine Vermette.
0:12 of 2nd period - Stopped by Tim Thomas without a rebound.
0:13 of 2nd period - Jason Spezza wins face-off versus Sean Avery in Bruins zone.
0:14 of 2nd period - Shot by Mike Cammalleri.
0:14 of 2nd period - Goal by Mike Cammalleri - Bruins : 2 - Senators : 1.
0:15 of 2nd period - Sean Avery wins face-off versus Jason Spezza in neutral zone.
0:33 of 2nd period - Icing by Zdeno Chara.
0:34 of 2nd period - Antoine Vermette wins face-off versus Sean Avery in Bruins zone.
1:18 of 2nd period - Patrice Bergeron is hit by Jay Bouwmeester and loses puck.
2:05 of 2nd period - Jason Spezza is hit by Jeffrey Hamilton and loses puck.
2:19 of 2nd period - Icing by Georges Laraque.
2:20 of 2nd period - Antoine Vermette wins face-off versus Bobby Holik in Bruins zone.
2:26 of 2nd period - Icing by Garnet Exelby.
2:27 of 2nd period - Chris Kelly wins face-off versus Bobby Holik in Bruins zone.
2:40 of 2nd period - Shot by Peter Schaefer.
2:40 of 2nd period - Shot Blocked by Garnet Exelby.
2:44 of 2nd period - Shot by Jean-Pierre Dumont.
2:44 of 2nd period - Deflect By Peter Schaefer.
2:44 of 2nd period - Stopped by Tim Thomas without a rebound.
2:45 of 2nd period - Chris Kelly wins face-off versus Sean Avery in Bruins zone.
3:15 of 2nd period - Icing by Jay Bouwmeester.
3:16 of 2nd period - Chris Kelly wins face-off versus Patrice Bergeron in Senators zone.
3:59 of 2nd period - Shot by Jean-Pierre Dumont.
3:59 of 2nd period - Goal by Jean-Pierre Dumont - Bruins : 2 - Senators : 2.
4:00 of 2nd period - Bobby Holik wins face-off versus Jason Spezza in neutral zone.
4:11 of 2nd period - Shot by Bobby Holik.
4:11 of 2nd period - Shot Blocked by Jason Spezza.
4:13 of 2nd period - Shot by Garnet Exelby.
4:13 of 2nd period - Stopped by Kari Lehtonen without a rebound.
4:14 of 2nd period - Sean Avery wins face-off versus Antoine Vermette in Senators zone.
4:28 of 2nd period - Glen Murray is hit by Jay Bouwmeester and loses puck.
4:45 of 2nd period - Shot by Marco Sturm.
4:45 of 2nd period - Shot Misses the Net.
4:49 of 2nd period - Shot by Marco Sturm.
4:49 of 2nd period - Shot Misses the Net.
4:51 of 2nd period - Shot by Glen Murray.
4:51 of 2nd period - Shot Misses the Net.
4:54 of 2nd period - Minor Penalty to Dan Hamhuis for Roughing.
4:55 of 2nd period - Patrice Bergeron wins face-off versus Chris Kelly in Senators zone.
5:08 of 2nd period - Shot by Rick Nash.
5:08 of 2nd period - Stopped by Kari Lehtonen without a rebound.
5:09 of 2nd period - Shane Doan wins face-off versus Chris Kelly in Senators zone.
5:30 of 2nd period - Shot by Shane Doan.
5:30 of 2nd period - Shot Misses the Net.
5:32 of 2nd period - Shot by Ruslan Salei.
5:32 of 2nd period - Stopped by Kari Lehtonen without a rebound.
5:33 of 2nd period - Patrice Bergeron wins face-off versus Chris Kelly in Senators zone.
5:55 of 2nd period - Rick Nash is hit by Tom Preissing and loses puck.
6:04 of 2nd period - Shot by Rick Nash.
6:04 of 2nd period - Deflect By Patrice Bergeron.
6:04 of 2nd period - Shot Misses the Net.
7:03 of 2nd period - Minor Penalty to Bobby Holik for Interference.
7:04 of 2nd period - Patrice Bergeron wins face-off versus Antoine Vermette in Bruins zone.
7:23 of 2nd period - Shot by Alexander Radulov.
7:23 of 2nd period - Stopped by Tim Thomas without a rebound.
7:24 of 2nd period - Jason Spezza wins face-off versus Patrice Bergeron in Bruins zone.
7:39 of 2nd period - Shot by Ilya Kovalchuk.
7:39 of 2nd period - Shot Misses the Net.
7:43 of 2nd period - Shot by Jason Spezza.
7:43 of 2nd period - Stopped by Tim Thomas without a rebound.
7:44 of 2nd period - Rick Nash wins face-off versus Antoine Vermette in Bruins zone.
7:44 of 2nd period - Rick Nash is hit by Jean-Pierre Dumont.
8:02 of 2nd period - Shot by Antoine Vermette.
8:02 of 2nd period - Shot Misses the Net.
8:10 of 2nd period - Shot by Alexander Radulov.
8:10 of 2nd period - Stopped by Tim Thomas with a rebound.
8:12 of 2nd period - Shot by Dustin Penner.
8:12 of 2nd period - Stopped by Tim Thomas without a rebound.
8:13 of 2nd period - Patrice Bergeron wins face-off versus Jason Spezza in Bruins zone.
8:13 of 2nd period - Patrice Bergeron is hit by Mike Cammalleri.
8:30 of 2nd period - Ilya Kovalchuk is hit by Patrice Bergeron and loses puck.
10:22 of 2nd period - Minor Penalty to Rostislav Klesla for Interference.
10:23 of 2nd period - Jason Spezza wins face-off versus Bobby Holik in Bruins zone.
11:01 of 2nd period - Mike Cammalleri is hit by P.J. Axelsson and loses puck.
11:23 of 2nd period - Off-side.
11:24 of 2nd period - Patrice Bergeron wins face-off versus Dustin Penner in neutral zone.
11:26 of 2nd period - Mike Richards is hit by Dustin Penner and loses puck.
11:42 of 2nd period - Dustin Penner is hit by Mike Richards and loses puck.
11:47 of 2nd period - Shot by Antoine Vermette.
11:47 of 2nd period - Stopped by Tim Thomas without a rebound.
11:48 of 2nd period - Antoine Vermette wins face-off versus Bobby Holik in Bruins zone.
12:04 of 2nd period - Shot by Antoine Vermette.
12:04 of 2nd period - Shot Misses the Net.
12:06 of 2nd period - Shot by Antoine Vermette.
12:06 of 2nd period - Stopped by Tim Thomas without a rebound.
12:07 of 2nd period - Patrice Bergeron wins face-off versus Jason Spezza in Bruins zone.
12:33 of 2nd period - Shot by Petr Prucha.
12:33 of 2nd period - Deflect By Patrick Eaves.
12:33 of 2nd period - Stopped by Tim Thomas without a rebound.
12:34 of 2nd period - Patrice Bergeron wins face-off versus Antoine Vermette in Bruins zone.
12:34 of 2nd period - Patrice Bergeron is hit by Antoine Vermette.
13:31 of 2nd period - Minor Penalty to Shane Doan for Roughing.
13:32 of 2nd period - Antoine Vermette wins face-off versus Glen Murray in Bruins zone.
15:01 of 2nd period - Icing by Chris Kelly.
15:02 of 2nd period - Chris Kelly wins face-off versus Bobby Holik in Senators zone.
15:49 of 2nd period - Shot by Peter Schaefer.
15:49 of 2nd period - Stopped by Tim Thomas without a rebound.
15:50 of 2nd period - Chris Kelly wins face-off versus Patrice Bergeron in Bruins zone.
16:06 of 2nd period - Off-side.
16:07 of 2nd period - Antoine Vermette wins face-off versus Bobby Holik in neutral zone.
16:07 of 2nd period - Peter Schaefer is hit by Bobby Holik and loses puck.
16:14 of 2nd period - Shot by Antoine Vermette.
16:14 of 2nd period - Stopped by Tim Thomas without a rebound.
16:15 of 2nd period - Sean Avery wins face-off versus Jason Spezza in Bruins zone.
16:22 of 2nd period - Shot by Mike Cammalleri.
16:22 of 2nd period - Goal by Mike Cammalleri - Bruins : 2 - Senators : 3.
16:23 of 2nd period - Antoine Vermette wins face-off versus Bobby Holik in neutral zone.
17:38 of 2nd period - Shot by Marco Sturm.
17:38 of 2nd period - Shot Blocked by Chris Kelly.
17:40 of 2nd period - Shot by Sean Avery.
17:40 of 2nd period - Stopped by Kari Lehtonen without a rebound.
17:41 of 2nd period - Jason Spezza wins face-off versus Patrice Bergeron in Senators zone.
18:39 of 2nd period - Sean Avery is hit by Ilya Kovalchuk and loses puck.
19:07 of 2nd period - Minor Penalty to Zdeno Chara for Hooking.
19:08 of 2nd period - Dustin Penner wins face-off versus Patrice Bergeron in Bruins zone.

Period #3

0:01 of 3rd period - Jason Spezza wins face-off versus Bobby Holik in neutral zone.
0:14 of 3rd period - Patrice Bergeron is hit by Jason Spezza and loses puck.
1:36 of 3rd period - Shot by Marco Sturm.
1:36 of 3rd period - Stopped by Kari Lehtonen without a rebound.
1:37 of 3rd period - Jean-Pierre Dumont wins face-off versus Patrice Bergeron in Senators zone.
1:52 of 3rd period - Shot by Peter Schaefer.
1:52 of 3rd period - Shot Misses the Net.
2:01 of 3rd period - Rick Nash is hit by Anton Volchenkov and loses puck.
2:06 of 3rd period - Shot by Shane Doan.
2:06 of 3rd period - Stopped by Kari Lehtonen without a rebound.
2:07 of 3rd period - Bobby Holik wins face-off versus Jason Spezza in Senators zone.
2:15 of 3rd period - Icing by Marc-Andre Bergeron.
2:16 of 3rd period - Jason Spezza wins face-off versus Sean Avery in Senators zone.
2:26 of 3rd period - Icing by Sean Avery.
2:27 of 3rd period - Antoine Vermette wins face-off versus Sean Avery in Bruins zone.
2:28 of 3rd period - Shot by Alexander Radulov.
2:28 of 3rd period - Shot Misses the Net.
2:32 of 3rd period - Shot by Dustin Penner.
2:32 of 3rd period - Stopped by Tim Thomas with a rebound.
2:36 of 3rd period - Shot by Dustin Penner.
2:36 of 3rd period - Stopped by Tim Thomas without a rebound.
2:37 of 3rd period - Bobby Holik wins face-off versus Antoine Vermette in Bruins zone.
3:00 of 3rd period - Shot by Jeffrey Hamilton.
3:00 of 3rd period - Shot Misses the Net.
3:04 of 3rd period - Shot by Bobby Holik.
3:04 of 3rd period - Stopped by Kari Lehtonen without a rebound.
3:05 of 3rd period - Jason Spezza wins face-off versus Sean Avery in Senators zone.
3:21 of 3rd period - Icing by Rostislav Klesla.
3:22 of 3rd period - Chris Kelly wins face-off versus Sean Avery in Bruins zone.
4:10 of 3rd period - Icing by Rostislav Klesla.
4:11 of 3rd period - Antoine Vermette wins face-off versus Sean Avery in Bruins zone.
4:14 of 3rd period - Shot by Peter Schaefer.
4:14 of 3rd period - Stopped by Tim Thomas without a rebound.
4:15 of 3rd period - Antoine Vermette wins face-off versus Patrice Bergeron in Bruins zone.
4:19 of 3rd period - Minor Penalty to Jean-Pierre Dumont for Hooking.
4:20 of 3rd period - Patrice Bergeron wins face-off versus Antoine Vermette in Bruins zone.
4:39 of 3rd period - Shot by Sami Salo.
4:39 of 3rd period - Shot Blocked by Chris Kelly.
4:41 of 3rd period - Shot by Sami Salo.
4:41 of 3rd period - Stopped by Kari Lehtonen without a rebound.
4:42 of 3rd period - Patrice Bergeron wins face-off versus Chris Kelly in Senators zone.
4:42 of 3rd period - Patrice Bergeron is hit by Chris Kelly.
5:22 of 3rd period - Anton Volchenkov is hit by Glen Murray and loses puck.
5:53 of 3rd period - Shot by Marco Sturm.
5:53 of 3rd period - Stopped by Kari Lehtonen without a rebound.
5:54 of 3rd period - Shane Doan wins face-off versus Chris Kelly in Senators zone.
6:06 of 3rd period - Icing by Rostislav Klesla.
6:07 of 3rd period - Antoine Vermette wins face-off versus Sean Avery in Bruins zone.
8:22 of 3rd period - Icing by Zdeno Chara.
8:23 of 3rd period - Chris Kelly wins face-off versus Mike Richards in Bruins zone.
8:49 of 3rd period - Shot by Patrick Eaves.
8:49 of 3rd period - Shot Misses the Net.
8:51 of 3rd period - Shot by Chris Kelly.
8:51 of 3rd period - Stopped by Tim Thomas without a rebound.
8:52 of 3rd period - Antoine Vermette wins face-off versus Bobby Holik in Bruins zone.
9:26 of 3rd period - Bobby Holik is hit by Antoine Vermette and loses puck.
10:07 of 3rd period - Shot by Shane Doan.
10:07 of 3rd period - Shot Misses the Net.
10:09 of 3rd period - Shot by Rick Nash.
10:09 of 3rd period - Stopped by Kari Lehtonen without a rebound.
10:10 of 3rd period - Antoine Vermette wins face-off versus Sean Avery in Senators zone.
10:37 of 3rd period - Shot by Glen Murray.
10:37 of 3rd period - Shot Misses the Net.
10:43 of 3rd period - Shot by Marco Sturm.
10:43 of 3rd period - Stopped by Kari Lehtonen with a rebound.
11:24 of 3rd period - Minor Penalty to Rick Nash for Elbowing.
11:25 of 3rd period - Patrice Bergeron wins face-off versus Jason Spezza in Senators zone.
12:57 of 3rd period - Shot by Chris Kelly.
12:57 of 3rd period - Stopped by Tim Thomas with a rebound.
13:05 of 3rd period - Shot by Alexander Radulov.
13:05 of 3rd period - Shot Hit the Post.
13:07 of 3rd period - Shot by Marc-Andre Bergeron.
13:07 of 3rd period - Goal by Marc-Andre Bergeron - Bruins : 2 - Senators : 4.
13:08 of 3rd period - Sean Avery wins face-off versus Antoine Vermette in neutral zone.
13:10 of 3rd period - Marco Sturm is hit by Tom Preissing and loses puck.
13:16 of 3rd period - Glen Murray is hit by Jean-Pierre Dumont and loses puck.
13:34 of 3rd period - Minor Penalty to Peter Schaefer for Tripping.
13:35 of 3rd period - Patrice Bergeron wins face-off versus Antoine Vermette in Senators zone.
13:40 of 3rd period - Shot by Glen Murray.
13:40 of 3rd period - Deflect By Rick Nash.
13:40 of 3rd period - Shot Blocked by Tom Preissing.
13:42 of 3rd period - Shot by Rick Nash.
13:42 of 3rd period - Shot Misses the Net.
13:44 of 3rd period - Shot by Patrice Bergeron.
13:44 of 3rd period - Stopped by Kari Lehtonen without a rebound.
13:45 of 3rd period - Sean Avery wins face-off versus Chris Kelly in Senators zone.
13:53 of 3rd period - Icing by Shane Doan.
13:54 of 3rd period - Antoine Vermette wins face-off versus Sean Avery in Bruins zone.
13:54 of 3rd period - Alexander Radulov is hit by Ruslan Salei and loses puck.
14:13 of 3rd period - Shot by Marco Sturm.
14:13 of 3rd period - Shot Misses the Net.
14:15 of 3rd period - Shot by Sean Avery.
14:15 of 3rd period - Stopped by Kari Lehtonen without a rebound.
14:16 of 3rd period - Patrice Bergeron wins face-off versus Chris Kelly in Senators zone.
15:01 of 3rd period - Minor Penalty to Shane Doan for Hooking.
15:02 of 3rd period - Chris Kelly wins face-off versus Mike Richards in neutral zone.
15:04 of 3rd period - Off-side.
15:05 of 3rd period - Chris Kelly wins face-off versus Mike Richards in neutral zone.
15:05 of 3rd period - Chris Kelly is hit by Shane Hnidy.
15:06 of 3rd period - Minor Penalty to Mike Richards for Hooking.
15:07 of 3rd period - Marco Sturm wins face-off versus Chris Kelly in neutral zone.
15:41 of 3rd period - Icing by Tom Preissing.
15:42 of 3rd period - Jean-Pierre Dumont wins face-off versus Bobby Holik in Senators zone.
15:44 of 3rd period - Icing by Marc-Andre Bergeron.
15:45 of 3rd period - Antoine Vermette wins face-off versus Bobby Holik in Senators zone.
15:47 of 3rd period - Icing by Marc-Andre Bergeron.
15:48 of 3rd period - Antoine Vermette wins face-off versus Rick Nash in Senators zone.
15:48 of 3rd period - Antoine Vermette is hit by Rick Nash.
15:56 of 3rd period - Shot by Marc-Andre Bergeron.
15:56 of 3rd period - Stopped by Tim Thomas without a rebound.
15:57 of 3rd period - Jason Spezza wins face-off versus Bobby Holik in Bruins zone.
17:08 of 3rd period - Shot by Antoine Vermette.
17:08 of 3rd period - Shot Misses the Net.
17:10 of 3rd period - Shot by Chris Kelly.
17:10 of 3rd period - Shot Misses the Net.
18:01 of 3rd period - Off-side.
18:02 of 3rd period - Bobby Holik wins face-off versus Antoine Vermette in neutral zone.
18:05 of 3rd period - Shot by Jeffrey Hamilton.
18:05 of 3rd period - Deflect By Bobby Holik.
18:05 of 3rd period - Shot Misses the Net.
18:17 of 3rd period - Shot by Bobby Holik.
18:17 of 3rd period - Shot Misses the Net.
18:36 of 3rd period - Icing by Garnet Exelby.
18:37 of 3rd period - Jeffrey Hamilton wins face-off versus Jason Spezza in Bruins zone.
18:39 of 3rd period - Icing by Bobby Holik.
18:40 of 3rd period - Jason Spezza wins face-off versus Bobby Holik in Bruins zone.
18:40 of 3rd period - Mike Cammalleri is hit by Jeffrey Hamilton and loses puck.
19:07 of 3rd period - Shot by Jason Spezza.
19:07 of 3rd period - Stopped by Tim Thomas without a rebound.
19:08 of 3rd period - Patrice Bergeron wins face-off versus Antoine Vermette in Bruins zone.


Output by the SimonT Hockey Simulator (STHS) for Stephane Roy -- Original Page W3C XHTML 1.0 Valid